 Dungeon Crawl Stone Soup version 0.28-a0-1080-g05a166d0ed (webtiles) character file.

Game seed: 7940598372186244852

20 ytrimaz the Insei (level 2, -3/18 HPs)
             Began as an Octopode Transmuter on Dec 10, 2021.
             Slain by Sigmund (6 damage)
             ... on level 2 of the Dungeon.
             The game lasted 00:01:57 (1486 turns).

ytrimaz the Insei (Octopode Transmuter)             Turns: 1486, Time: 00:01:57

Health: -3/18      AC:  1    Str:  9    XL:     2   Next: 79%
Magic:  5/5        EV: 13    Int: 15    God:
Gold:   33         SH:  0    Dex: 12    Spells: 4/5 levels left

rFire   . . .      SeeInvis .     - Unarmed
rCold   . . .      Faith    .   (no shield)
rNeg    . . .      Spirit   .   (helmet restricted)
rPois   .          Reflect  .   (no amulet)
rElec   .          Harm     .   (no ring)
rCorr   .          Rampage  .   (no ring)
Will    .....                   (no ring)
Stlth   ++........              (no ring)
HPRegen 0.06/turn               (no ring)
MPRegen 0.09/turn               (no ring)
                                (no ring)
                                (no ring)

@: confused, on berserk cooldown, hasted, very quick
A: almost no armour, amphibious, 8 rings, camouflage 1, gelatinous body 1,
(nimble swimmer 1), tentacles
a: no special abilities


You were on level 2 of the Dungeon.
You visited 1 branch of the dungeon, and saw 2 of its levels.

You collected 33 gold pieces.

Inventory:

Potions
 c - a potion of berserk rage


   Skills:
 * Level 1.3 Fighting
 - Level 2.0 Dodging
 + Level 3.2 Unarmed Combat
 * Level 2.3 Spellcasting
 * Level 2.3 Transmutations


You had 4 spell levels left.
You knew the following spells:

 Your Spells              Type           Power      Damage    Failure   Level
a - Beastly Appendage     Tmut           16%        N/A       9%          1

Your spell library contained the following spells:

 Spells                   Type           Power      Damage    Failure   Level
 Wereblood                Tmut           8%         N/A       12%         2
 Spider Form              Tmut/Pois      5%         N/A       36%         3
 Ice Form                 Ice/Tmut       5%         N/A       78%         4


Dungeon Overview and Level Annotations

Branches:
Dungeon (2/15)

Altars:

Annotations:
D:2 Sigmund


Innate Abilities, Weirdness & Mutations

You cannot wear most types of armour.
You are amphibious.
You can wear up to eight rings at the same time.
Your skin changes colour to match your surroundings (Stealth+).
Your rubbery body absorbs attacks. (AC +1, EV +1)
((You are camouflaged near water. (Stealth+)))
You have tentacles for arms and can constrict up to eight enemies at once.


Message History

You tentacle-slap Sigmund but do no damage.
You grab Sigmund.
You constrict Sigmund, but do no damage.
Sigmund laughs darkly.
Sigmund hits you with a +0 scythe!
Ouch! That really hurt!
* * * LOW HITPOINT WARNING * * *
It was a potion of berserk rage.
A red film seems to cover your vision as you go berserk!
You feel yourself moving faster!
You feel mighty!
You constrict Sigmund. You bludgeon Sigmund! You squeeze Sigmund!
Sigmund is severely wounded.
You constrict Sigmund. Sigmund casts a spell at you.
You are confused.
You bump into the rock wall.
You constrict Sigmund. Sigmund misses you.
Unknown command.
You bump into the rock wall.
You feel a strong urge to attack something.
You constrict Sigmund, but do no damage.
Unknown command.
You release your grip on Sigmund.
Unknown command.
Unknown command.
You bump into the rock wall.
You feel your anger nearly subside.
You are no longer berserk.
You are exhausted.
You feel yourself slow down. Sigmund barely misses you.
Unknown command.
Unknown command.
Unknown command.
It was a potion of cancellation.
Your magical effects are unravelling.
You feel magically purged.
You feel yourself speed up.
You feel less confused. Sigmund gestures at you while chanting.
You are confused.
It was a potion of haste.
You feel yourself speed up.
Sigmund hits you from afar with a +0 scythe.
You die...

#.......#.# #.........#
#.#..#.##.# #.##.####.#
.....###...####..†........
###... ##.#.......###....
....# #.#.##.#### ..
###...####.#.##.#
#.........##.#
######.####.# #######@#
#.# ........# #.#
######@## #.. #. ### #. #.
.. .. ##


You could see Sigmund.

Vanquished Creatures
  A worm (D:2)
  3 ball pythons
  2 endoplasms
  A giant cockroach (D:1)
  2 hobgoblins
  A frilled lizard (D:2)
  3 goblins (D:1)
  2 kobolds (D:1)
  A rat (D:1)
16 creatures vanquished.

Notes
Turn   | Place    | Note
-------+----------+-------------------------------------------
     0 | D:1      | ytrimaz the Octopode Transmuter began the quest for the
                  | Orb.
     0 | D:1      | Reached XP level 1. HP: 13/13 MP: 3/3
   940 | D:1      | Reached XP level 2. HP: 17/18 MP: 1/5
  1473 | D:2      | Noticed Sigmund
  1486 | D:2      | Slain by Sigmund

Illustrated notes

Levels and vault maps discovered:
D:1:      minmay_arrival_three_doors, layout_basic, supply_closet_lemuel,
          minmay_surrounded
D:2:      layout_loops_ring, minmay_crystal_room, uniq_sigmund

Action                   || total
-------------------------++-------
Melee: Unarmed           ||    39
       Constrict         ||    10
       Tentacles         ||     9
       Kick              ||     6
 Cast: Beastly Appendage ||    10
  Use: Potion            ||     3
       Scroll            ||     2
 Stab: Sleeping          ||     2
Armor: Skin              ||     2
Dodge: Dodged            ||    18

Table legend: (Time is in decaauts)
 A = Elapsed time spent in this place.
 B = Non-inter-level travel time spent in this place.
 C = Inter-level travel time spent in this place.
 D = Time resting spent in this place.
 E = Time spent auto-exploring this place.
 F = Levels seen in this place.
 G = Mean time per level.
                   A        B        C        D        E       F      G
               +--------+--------+--------+--------+--------+-----+--------+
         Total |   1482 |   1432 |     50 |    362 |    897 |   2 |  741.0 |
       Dungeon |   1482 |   1432 |     50 |    362 |    897 |   2 |  741.0 |
               +--------+--------+--------+--------+--------+-----+--------+

Top non-repeatable levels by time:
     D:1: 1121 daAuts
     D:2: 361 daAuts
